 Dungeon Crawl Stone Soup version 0.18-a0-867-gfd1cc8f (webtiles) character file.

87572 Duffy the Spry (level 15, -1/207 HPs)
             Began as a Naga Enchanter on Dec 21, 2015.
             Was an Elder of Cheibriados.
             Slain by a black mamba (11 damage)
             ... on level 8 of the Lair of Beasts.
             The game lasted 01:17:17 (31057 turns).

Duffy the Spry (Naga Enchanter)                    Turns: 31057, Time: 01:17:17

Health: -1/207     AC: 27    Str: 26    XL:     15   Next: 91%
Magic:  13/24      EV:  1    Int: 31    God:    Cheibriados [****..]
Gold:   1444       SH:  0    Dex: 31    Spells: 5 memorised, 12 levels left

rFire  + . .     SeeInvis +     L - +2 dagger (venom)
rCold  + . .     Gourm    .     (armour currently unavailable)
rNeg   + + +     Faith    +     (no shield)
rPois  +         Spirit   .     (helmet currently unavailable)
rElec  +         Dismiss  .     (cloak currently unavailable)
rCorr  +         Reflect  .     (gloves currently unavailable)
SustAt .         Harm     .     (no barding)
MR     ++...     NoTele   +     J - amulet of faith
Stlth  +++++++++.               I - ring of the Tuna {MR+ Dex+2 Slay+2}
                                y - +4 ring of evasion

@: mighty, brilliant, agile, lethally poisoned (-1 -> -2), tree-form, resistant,
very slow, very resistant to hostile enchantments, incredibly stealthy
A: see invisible, (deformed body), (poison resistance), (slowness 0), slow
metabolism 1, spit poison 2, (constrict 1), AC +5
a: Spit Poison, Bend Time, Temporal Distortion, Slouch, Renounce Religion


You were on level 8 of the Lair of Beasts.
You worshipped Cheibriados.
Cheibriados was greatly pleased with you.
You were very hungry.
You were a tree.
You visited 3 branches of the dungeon, and saw 24 of its levels.
You also visited: Labyrinth and Ice Cave.

You collected 1626 gold pieces.
You spent 182 gold pieces at shops.


Innate Abilities, Weirdness & Mutations

You cannot wear boots.
((Your serpentine skin is tough (AC +5).))
You have supernaturally acute eyesight.
((Armour fits poorly on your strangely shaped body.))
((Your system is resistant to poisons.))
((You cover ground very slowly.))
You have a slow metabolism.
You can spit poison.
((You can use your snake-like lower body to constrict enemies.))


   Skills:
 - Level 10.0 Fighting
 - Level 5.0 Short Blades
 + Level 16.1 Dodging
 - Level 10.0 Stealth
 - Level 6.0 Spellcasting
 - Level 9.4 Hexes
 - Level 4.5 Charms
 - Level 4.5 Necromancy
 - Level 10.0 Invocations


You had 12 spell levels left.
You knew the following spells:

 Your Spells              Type           Power        Failure   Level  Hunger
j - Confuse               Hex            ######..     1%          3    None
l - Ensorcelled Hibernat  Hex/Ice        ######       1%          2    None
n - Dazzling Spray        Conj/Hex       ######..     1%          3    None
r - Regeneration          Chrm/Necr      ######....   1%          3    None
t - Tukima's Dance        Hex            ######..     1%          3    None

Inventory:

Hand Weapons
 L - a +2 dagger of venom (weapon)
Missiles
 j - 131 poisoned needles
 u - 13 tomahawks (quivered)
 R - a throwing net
Armour
 g - a +0 cloak (melded)
 p - a +0 storm dragon armour
 x - a +1 large shield of reflection
 H - a +1 steam dragon armour (melded)
 K - a +0 helmet (melded)
 M - a +0 pair of gloves (melded)
Magical Staves
 k - an uncursed staff of summoning
Rods
 c - a +0 rod of clouds (11/11)
Jewellery
 y - a +4 ring of evasion (left branch)
 D - an uncursed ring of teleportation
 I - the ring of the Tuna (right branch) {MR+ Dex+2 Slay+2}

   [ring of protection from magic]

   It affects your dexterity (+2).
   It affects your accuracy and damage with ranged weapons and melee attacks
   (+2).
   It affects your resistance to hostile enchantments.
 J - an amulet of faith (around neck)
 S - an uncursed ring of protection from cold
Wands
 b - a wand of cold (7/15)
 r - a wand of draining (9/15)
 t - a wand of cold (9/15)
 w - a wand of teleportation (3/9)
 A - a wand of polymorph (12/24)
 C - a wand of cold (7/15)
 E - a wand of heal wounds (5/9)
 G - a wand of invisibility (2/9)
 Q - a wand of disintegration (5/24)
Scrolls
 h - 5 scrolls of fear
 i - 2 scrolls of recharging
 q - 12 scrolls of remove curse
 s - a scroll of enchant armour
 z - 2 scrolls of magic mapping
 O - a scroll of holy word
 P - 8 scrolls of enchant weapon
 U - a scroll of brand weapon
 W - 5 scrolls of teleportation
 Z - 4 scrolls of fog
Potions
 e - 3 potions of brilliance
 f - 8 potions of curing
 l - a potion of lignification
 m - a potion of flight
 o - a potion of cancellation
 N - 2 potions of heal wounds
 V - 2 potions of agility
Miscellaneous
 a - a phial of floods
Comestibles
 d - 16 bread rations
 n - 6 beef jerkies
 B - 12 meat rations
 F - a royal jelly
 X - 5 fruits

Dungeon Overview and Level Annotations

Branches:
Dungeon (15/15)            Temple (1/1) D:4            Lair (8/8) D:9
 Shoals (0/4) Lair:3       Spider (0/4) Lair:3          Orc (0/2) D:9
  Slime: Lair:6-8    Vaults: D:13-14     Depths: D:15

Altars:
Ashenzari
Cheibriados
Dithmenos
Elyvilon
Fedhas
Gozag
Kikubaaqudgha
Makhleb
Nemelex Xobeh
Okawaru
Pakellas
Qazlal
Ru
Sif Muna
Trog
Vehumet
Xom
Yredelemnul
Zin
The Shining One

Shops:
D:12 (   D:13 !

Annotations:
D:4 Uberwunderbarhen's ghost, novice OpFi
D:5 2 runed doors
D:11 1 exclusion


Message History

The giant frog hits you but does no damage.
The river rat bites you but does no damage.
The river rat bites the plant but does no damage.
The giant frog hits you but does no damage.
The black mamba bites you but does no damage.
The spiny frog stings you.
The giant frog hits you but does no damage.
The yak gores you.
A giant frog comes into view.
You feel sick.
The giant frog hits you but does no damage.
The black mamba bites you but does no damage.
The giant frog hits you but does no damage.
The yak gores you but does no damage.
The river rat bites you but does no damage.
The river rat bites the plant.
The spiny frog stings you but does no damage.
The giant frog hits you but does no damage. x2
The black mamba bites you but does no damage.
The giant frog completely misses you. The yak gores you but does no damage.
The giant frog hits you but does no damage.
The black mamba bites you but does no damage.
The yak gores you but does no damage. The giant frog completely misses you.
The spiny frog stings you.
The river rat bites you but does no damage.
The river rat bites the plant.
The giant frog hits you but does no damage.
The black mamba bites you.
The giant frog hits you but does no damage.
The yak gores you but does no damage.
The giant frog hits you but does no damage.
The giant frog hits you.
The spiny frog stings you but does no damage.
The yak barely misses you. The black mamba bites you!
You die...

~~~.~.~.....
.~~~~~~~~~~~~~~~~~......
.~~~~~~~~~~~~~~~~~P.....
~~~.~~~~~~~P~~.~~...~...
~.~~.~~PP~P~~~~~~P.~....
~~~~~~~.~P~~~~~~~~......
.~~~..YF.~~~~~~~~~.%...P
~~~P..YFF~~.P~P~~~~..P.P
~~~~.YS7FF~~~~~P~~~.....
~...PYFYr;~~~~~~~~......
~~~~w.rr.;~~~~~~.~~.....
.~~P~~~P.~~~~~~~~..P....
~PP~~~P.t~~~~~~~P.......
~.~~~~F~~~~~~~P~~P....##
~P~~~~~~~~.~~~~~~~...##.
~~~~~~~P~~~~~P~~.P......
~P~~~~~~~~P~~~~.~..#..#


You could see a giant leech, a black mamba, 5 yaks, a spiny frog, a blink frog,
a crocodile, 5 giant frogs, 2 electric eels and 3 river rats.

Action                   |  1- 3 |  4- 6 |  7- 9 | 10-12 | 13-15 || total
-------------------------+-------+-------+-------+-------+-------++-------
Melee: Dagger            |    48 |    97 |   217 |   624 |  1413 ||  2399
Throw: Tomahawk          |       |       |       |     4 |     6 ||    10
 Cast: Ensorcelled Hiber |       |    14 |    62 |   139 |    51 ||   266
       Confuse           |       |     5 |     4 |    18 |    64 ||    91
       Dazzling Spray    |       |       |     3 |    15 |    30 ||    48
       Regeneration      |       |       |       |       |    12 ||    12
       Tukima's Dance    |       |       |       |       |     1 ||     1
Invok: Slouch            |       |       |       |       |    17 ||    17
       Temporal Distorti |       |       |       |       |     1 ||     1
 Abil: Spit Poison       |    33 |    46 |    24 |    48 |    21 ||   172
Evoke: Wand              |       |       |       |       |     4 ||     4
  Use: Scroll            |       |     9 |     4 |    10 |    18 ||    41
       Potion            |       |     1 |     1 |     1 |    10 ||    13
 Stab: Sleeping          |       |    18 |    48 |   100 |    72 ||   238
       Confused          |       |     1 |     5 |    20 |    36 ||    62
       Invisible         |       |       |     2 |     5 |    12 ||    19
       Distracted        |       |       |       |       |     7 ||     7
  Eat: Chunk             |     3 |    12 |     8 |    21 |    28 ||    72
       Pizza             |       |       |     1 |     1 |     1 ||     3
       Royal jelly       |       |       |       |       |     1 ||     1

Notes
Turn   | Place    | Note
--------------------------------------------------------------
     0 | D:1      | Duffy the Naga Enchanter began the quest for the Orb.
     0 | D:1      | Reached XP level 1. HP: 15/15 MP: 3/3
   188 | D:1      | Reached XP level 2. HP: 22/22 MP: 5/5
   192 | D:1      | Learned a level 2 spell: Ensorcelled Hibernation
   312 | D:1      | Reached skill level 5 in Stealth
   386 | D:1      | Reached skill level 2 in Short Blades
   845 | D:2      | Reached XP level 3. HP: 19/28 MP: 6/6
  1000 | D:2      | Learned a level 3 spell: Confuse
  1300 | D:2      | Reached XP level 4. HP: 36/36 MP: 7/7
  1590 | D:2      | Reached skill level 3 in Short Blades
  1935 | D:3      | Reached skill level 6 in Stealth
  2311 | D:3      | Reached XP level 5. HP: 23/42 MP: 8/8
  2745 | D:4      | Reached skill level 4 in Hexes
  2826 | D:4      | Noticed an ogre
  2835 | D:4      | Killed an ogre
  2835 | D:4      | Reached skill level 3 in Spellcasting
  2835 | D:4      | Reached XP level 6. HP: 49/49 MP: 7/10
  2871 | D:4      | Found a staircase to the Ecumenical Temple.
  2880 | Temple   | Entered the Ecumenical Temple
  3120 | Temple   | Became a worshipper of Cheibriados the Contemplative
  3468 | D:4      | Found an ancient bone altar of Kikubaaqudgha.
  3471 | D:4      | Found a shadowy altar of Dithmenos.
  3474 | D:4      | Found a burning altar of Makhleb.
  3683 | D:4      | Found a basalt altar of Yredelemnul.
  3826 | D:4      | Noticed Uberwunderbarhen's ghost (novice OpFi)
  3910 | D:3      | Reached skill level 5 in Hexes
  4426 | D:5      | Entered Level 5 of the Dungeon
  4434 | D:4      | Reached * piety under Cheibriados
  4512 | D:4      | Reached XP level 7. HP: 26/52 MP: 7/12
  4699 | D:6      | Found a sparkling altar of Nemelex Xobeh.
  4807 | D:5      | Reached skill level 6 in Hexes
  4825 | D:5      | Found a glowing silver altar of Zin.
  4895 | D:5      | Reached skill level 4 in Spellcasting
  5258 | D:5      | Found a runed door.
  5302 | D:5      | Reached ** piety under Cheibriados
  5302 | D:5      | Reached skill level 7 in Hexes
  5302 | D:5      | Reached XP level 8. HP: 59/59 MP: 14/14
  5310 | D:5      | Learned a level 3 spell: Tukima's Dance
  5314 | D:5      | Learned a level 3 spell: Dazzling Spray
  5342 | D:5      | Found a glowing golden altar of the Shining One.
  5659 | D:5      | Found a runed door.
  6060 | D:6      | Noticed upgrayedd's ghost (novice MiFi)
  6102 | D:6      | Killed upgrayedd's ghost
  6102 | D:6      | Reached skill level 9 in Hexes
  6281 | D:6      | Noticed Blork the orc
  6396 | D:6      | Reached skill level 1 in Fighting
  6668 | D:6      | Killed Blork the orc
  6668 | D:6      | Reached *** piety under Cheibriados
  6668 | D:6      | Reached skill level 2 in Dodging
  6668 | D:6      | Reached XP level 9. HP: 53/70 MP: 10/15
  6799 | D:6      | Reached skill level 2 in Fighting
  7171 | D:7      | Reached skill level 3 in Fighting
  7173 | D:7      | Reached skill level 4 in Short Blades
  7502 | D:7      | Reached skill level 4 in Fighting
  7622 | D:7      | Noticed a five-headed hydra
  7707 | D:8      | Reached **** piety under Cheibriados
  7778 | D:8      | Noticed root's ghost (novice CeFi)
  7818 | D:9      | Found a staircase to the Orcish Mines.
  7935 | D:9      | Reached skill level 3 in Dodging
  7943 | D:9      | Reached skill level 5 in Fighting
  8214 | D:8      | Reached skill level 5 in Short Blades
  8500 | D:9      | Reached skill level 6 in Fighting
  8506 | D:9      | Reached skill level 4 in Dodging
  8506 | D:9      | Reached XP level 10. HP: 55/91 MP: 6/16
  8663 | D:8      | Killed root's ghost
  8810 | D:8      | Reached skill level 7 in Fighting
  8947 | D:9      | Found a staircase to the Lair.
  8951 | D:9      | Reached ***** piety under Cheibriados
  9053 | D:9      | Reached skill level 5 in Dodging
  9313 | D:9      | Noticed Grum
  9321 | D:9      | Killed Grum
  9321 | D:9      | Reached skill level 8 in Fighting
  9345 | D:9      | Reached skill level 6 in Dodging
 10194 | D:9      | Reached XP level 11. HP: 78/104 MP: 5/17
 10500 | D:8      | Reached skill level 9 in Fighting
 10645 | D:8      | Found an iron altar of Okawaru.
 10704 | D:8      | Reached skill level 7 in Dodging
 10749 | D:8      | Reached ****** piety under Cheibriados
 10905 | D:8      | Found a shimmering altar of Xom.
 11073 | D:8      | Reached skill level 1 in Invocations
 11195 | D:7      | Reached skill level 2 in Invocations
 11650 | D:10     | Entered Level 10 of the Dungeon
 11658 | D:10     | Reached skill level 3 in Invocations
 11739 | D:10     | Reached skill level 4 in Invocations
 11797 | D:10     | Reached skill level 5 in Invocations
 11882 | D:10     | Noticed a hill giant
 11888 | D:10     | Killed a hill giant
 12029 | D:10     | Reached skill level 6 in Invocations
 12184 | D:10     | Found Biatur's Gadget Shoppe.
 12258 | D:10     | Found a deep blue altar of Sif Muna.
 12263 | D:10     | Reached skill level 7 in Invocations
 12830 | D:10     | Noticed a hill giant
 12841 | D:10     | Killed a hill giant
 12841 | D:10     | Reached skill level 8 in Invocations
 13005 | D:10     | Reached skill level 9 in Invocations
 13352 | D:11     | Reached XP level 12. HP: 114/114 MP: 19/19
 13587 | D:11     | Reached skill level 10 in Invocations
 13602 | D:10     | Got a crystal long sword
 13786 | D:11     | Noticed a seven-headed hydra
 13826 | D:11     | Killed a seven-headed hydra
 13826 | D:11     | Reached skill level 10 in Fighting
 14145 | D:11     | Reached skill level 7 in Stealth
 14597 | Lair:1   | Entered Level 1 of the Lair of Beasts
 14614 | Lair:1   | Reached skill level 8 in Stealth
 14782 | Lair:1   | Got a shimmering iron ring
 14814 | Lair:1   | Reached skill level 9 in Stealth
 15069 | Lair:1   | Reached skill level 10 in Stealth
 15204 | Lair:1   | Identified the ring of the Tuna {MR+ Dex+2 Slay+2} (You found it on level 1 of the Lair of Beasts)
 15788 | Lair:2   | Found a labyrinth entrance.
 15797 | Lab      | Entered a labyrinth
 15969 | Lab      | Found an exit through the horrors of the Abyss.
 16110 | Lab      | Noticed a minotaur
 16126 | Lab      | Killed a minotaur
 16126 | Lab      | Reached skill level 8 in Dodging
 16256 | Lab      | Learned a level 3 spell: Regeneration
 16953 | Lair:2   | Reached skill level 1 in Charms
 16953 | Lair:2   | Reached skill level 1 in Necromancy
 17229 | Lair:3   | Reached skill level 2 in Charms
 17229 | Lair:3   | Reached skill level 2 in Necromancy
 17674 | Lair:3   | Reached skill level 3 in Necromancy
 17676 | Lair:3   | Reached skill level 3 in Charms
 17842 | Lair:3   | Gained mutation: You can use your snake-like lower body to constrict enemies. [Naga growth]
 17842 | Lair:3   | Reached XP level 13. HP: 111/123 MP: 20/20
 18042 | Lair:3   | Reached skill level 4 in Charms
 18042 | Lair:3   | Reached skill level 4 in Necromancy
 18376 | Lair:3   | Found a hole to the Spider Nest.
 18447 | Lair:3   | Reached skill level 5 in Spellcasting
 18485 | Lair:3   | Found a staircase to the Shoals.
 18850 | Lair:3   | Reached skill level 6 in Spellcasting
 19534 | Lair:4   | Reached skill level 9 in Dodging
 20821 | D:12     | Found Quonuy's Antique Weapon Shoppe.
 21242 | D:13     | Reached skill level 10 in Dodging
 21305 | D:13     | Found Wainotog's Distillery.
 21313 | D:13     | Bought a potion of agility for 52 gold pieces
 21313 | D:13     | Bought a potion of resistance for 130 gold pieces
 21584 | D:14     | Found a radiant altar of Vehumet.
 22418 | D:15     | Entered Level 15 of the Dungeon
 22488 | D:13     | Reached skill level 11 in Dodging
 22924 | D:13     | Identified Utathrei's Papyrus of Excruciating Dark Arts (You found it on level 13 of the Dungeon)
 23001 | D:12     | Reached XP level 14. HP: 132/132 MP: 18/23
 24427 | Lair:5   | Reached skill level 12 in Dodging
 24641 | Lair:5   | Noticed Kirke
 24660 | Lair:5   | Killed Kirke
 25752 | Lair:5   | Reached skill level 13 in Dodging
 26058 | Lair:6   | Found a frozen archway.
 26092 | IceCv    | Entered an ice cave
 27469 | IceCv    | Noticed a frost giant
 27493 | IceCv    | Reached skill level 14 in Dodging
 27539 | IceCv    | Reached XP level 15. HP: 138/138 MP: 9/24
 27649 | IceCv    | Killed a frost giant
 29545 | Lair:7   | Reached skill level 15 in Dodging
 30449 | Lair:8   | Entered Level 8 of the Lair of Beasts
 30677 | Lair:8   | Reached skill level 16 in Dodging
 31057 | Lair:8   | Slain by a black mamba

Vault maps used:
D:1:      dpeg_arrival_short_road
D:3:      wad_woods_settlement, first_bread
D:4:      grunt_temple_overflow_diamond, yredelemnul_forgotten_temple_becter,
          minmay_temple_entry_butterflies
D:5:      lemuel_insect_pit, zin_scriptorium, nicolae_tso_besieged_by_evil
D:6:      nemelex_xobeh_ov_fountains_minmay, uniq_blork_the_orc
D:8:      xom_butterflies, okawaru_gym_becter
D:9:      erik_lair_orcish_takeover, david_orc_3, hangedman_fish_farm, uniq_grum
D:10:     kennysheep_orc_sif_temple, serial_shops, nicolae_shop_behind_doors
D:11:     due_megacathedral
D:12:     nicolae_whirlpool, serial_shops, shop
D:13:     david_vaults_4, serial_shops, shop
D:14:     lemuel_doored_altar
D:15:     hangedman_depths_entry_try_elsewhere_first, uniq_josephine,
          uniq_azrael, uniq_roxanne
Temple:   dpeg_five_rooms_temple_12
Lair:1:   st_stairs_13
Lair:2:   lab_entry_generic
Lair:3:   minmay_shoals_entry_centaurs, nicolae_spider_entry_non_spiders
Lair:4:   serial_bayou_shore_a
Lair:5:   st_stairs_12, grunt_megastairs_3, uniq_kirke
Lair:6:   portal_ice_cave_entry_animals_and_master
Lair:7:   bobbens_ice_dragon_lair
Lair:8:   minmay_lair_end_frog_pond, slime_altar_1, grunt_megastairs_2
Lab:      labyrinth_spiral, labyrinth_glass_1, nicolae_lab_plus,
          labyrinth_fake_exit
IceCv:    ice_cave_caverns_02

Vanquished Creatures
  Kirke
  A frost giant
  8 hydras
  A minotaur
  2 ice dragons
  A catoblepas
  12 death yaks
  The ghost of root the Skirmisher, a novice CeFi of Pakellas
  A wizard
  6 hill giants
  The ghost of upgrayedd the Protected, a novice MiFi of Okawaru
  2 deep elf magi
  5 ugly things
  A cyclops
  12 elephants
  A centaur zombie
  9 black mambas
  19 spiny frogs
  A gargoyle
  A centaur skeleton
  2 kobold demonologists
  7 komodo dragons
  2 fire drakes
  4 trolls
  A giant leech
  16 polar bears
  A merfolk
  A two-headed ogre
  A trapdoor spider zombie
  A boulder beetle
  4 wyverns
  A shadow
  A wraith
  35 blink frogs
  6 humans
  A hungry ghost Grum
  4 basilisks
  A hog
  78 yaks
  39 wolves
  11 hippogriffs
  2 mottled dragons
  2 vampire mosquitoes
  20 water moccasins
  3 wargs
  14 porcupines
  A soldier ant
  4 phantoms
  5 ice beasts
  A wasp
  2 black bears
  8 orc warriors
  4 ogres
  A necrophage
  23 centaurs
  2 big kobolds
  13 crocodiles Blork the orc
  40 giant frogs
  2 gnoll sergeants
  A wyvern zombie
  A wyvern skeleton
  9 scorpions
  8 killer bees
  13 wights
  4 electric eels
  3 giant frog zombies
  10 crimson imps
  8 hounds
  8 orc priests
  4 jellies
  13 orc wizards
  An iron imp
  13 worker ants
  11 iguanas
  A killer bee zombie
  30 sheep
  A hound zombie
  65 river rats
  16 adders
  18 gnolls
  3 white imps
  3 shadow imps
  6 worms
  6 giant geckos
  44 orcs
  2 ball pythons
  9 bats
  10 goblins
  7 hobgoblins
  5 jackals
  5 quokkas
  5 giant cockroaches
  A giant gecko skeleton
  4 giant newts
  2 goblin skeletons
  A goblin zombie
  2 hobgoblin zombies
  15 kobolds
  2 kobold skeletons
  A kobold zombie
  An orc skeleton
  3 orc zombies
  A quokka skeleton
  6 rats
  A spectral orc
  A butterfly
  42 fungi
  31 plants
909 creatures vanquished.
